Map: Orbital Shipyard

Players

MorN - Winner!

  • Race: Terran Terran
  • League: Master

Maharishi

  • Race: Protoss Protoss
  • League: Grandmaster

VOD

Have the link to the VOD?

Description

Time

  • Played on: Dec. 25, 2015, 6:48 p.m.
  • Length: 12:59
Show
View Real Time Build Order
Export as new Build Order

MorN Terran - Winner!

Build Orders: Reaper Expand, MMM Bio 

Get SALT Encoding   

  12  0:00  SCV  
  13  0:13  SCV  
  14  0:17  Supply Depot  
  14  0:25  SCV  
  15  0:39  SCV  
  15  0:40  Barracks  
  16  0:45  Refinery  
  16  0:51  SCV  
  17  1:03  SCV  
  18  1:15  SCV  
  19  1:30  Reaper, Orbital Command  
  20  1:41  Command Center  
  20  1:52  Supply Depot  
  20  1:56  SCV  
  20  2:00  Barracks  
  21  2:08  Barracks Reactor  
  21  2:10  SCV  
  22  2:18  Barracks  
  22  2:23  SCV  
  23  2:35  SCV  
  24  2:44  Marine x2  
  24  2:47  SCV  
  24  2:49  Factory, Refinery  
  27  2:53  Orbital Command  
  27  2:59  SCV  
  27  3:02  Marine x2  
  29  3:09  Barracks Tech Lab  
  29  3:11  Marine  
  29  3:12  SCV  
  31  3:13  Bunker  
  31  3:21  Marine x2  
  31  3:24  SCV  
  33  3:29  Marine  
  33  3:31  Stimpack, Marine  
  35  3:39  Marine x2  
  37  3:47  Marine  
  37  3:50  Marine  
  37  3:52  Factory Reactor  
  37  3:53  Starport  
  38  3:56  Marine  
  38  3:57  SCV x2, Marine  
  42  4:05  Marine  
  42  4:08  Marine  
  42  4:09  SCV x2  
  46  4:10  Supply Depot  
  46  4:13  Supply Depot  
  46  4:20  Barracks Tech Lab  
  46  4:31  Marauder, Marine x2  
  46  4:33  SCV x2  
  46  4:36  Medivac x2  
  56  4:42  Concussive Shells  
  56  4:45  SCV  
  56  4:46  SCV  
  56  4:52  Supply Depot x2  
  58  4:58  SCV x2  
  58  4:59  Marauder  
  62  5:03  Factory Reactor  
  62  5:14  SCV x2, Marauder  
  66  5:15  Supply Depot, Marine x2  
  66  5:18  Viking  
  66  5:20  Marine  
  71  5:26  SCV x2  
  73  5:35  Marauder  
  75  5:38  SCV  
  76  5:44  Marine x3  
  76  5:57  Command Center, Marauder  
  78  6:02  Marine x2  
  78  6:03  Marauder  
  76  6:13  SCV  
  76  6:14  SCV  
  76  6:16  Refinery  
  76  6:17  Refinery, Marine  
  76  6:18  Medivac x2  
  81  6:20  Marine x2  
  81  6:21  Barracks  
  81  6:22  Barracks  
  81  6:24  Marine  
  86  6:28  Supply Depot  
  86  6:30  Supply Depot  
  86  6:44  Supply Depot  
  86  6:49  Widow Mine x2  
  86  6:50  SCV x2, Marauder  
  94  6:58  Combat Shields  
  94  7:02  SCV x2, Engineering Bay  
  94  7:05  Engineering Bay  
  96  7:14  SCV x2  
  98  7:17  Widow Mine x2  
  98  7:18  Barracks Reactor, Barracks Tech Lab, Marauder  
  98  7:19  Medivac  
  98  7:21  Orbital Command  
  106  7:24  Supply Depot  
  106  7:26  SCV  
  107  7:30  Marine x2  
  107  7:31  Marauder  
  107  7:32  Terran Infantry Weapons Level 1  
  111  7:46  Widow Mine  
  111  7:51  Marine x2, Orbital Command  
  103  7:52  Marauder x2  
  109  7:59  Marine x3  
  109  8:00  Medivac x2  
  116  8:09  Terran Infantry Armor Level 1  
  116  8:11  Supply Depot  
  116  8:14  Marauder  
  116  8:16  Barracks  
  116  8:18  Barracks x2  
  116  8:19  SCV x3  
  121  8:26  Marine x2  
  122  8:27  Marauder  
  122  8:31  SCV, Marine x2  
  122  8:32  Medivac x2  
  132  8:36  SCV x2, Armory  
  132  8:40  Supply Depot  
  134  8:57  Marine x2  
  134  8:58  Marauder  
  133  9:04  Marine  
  133  9:05  Marauder, Marine  
  133  9:08  Barracks Reactor  
  133  9:09  Barracks Tech Lab  
  129  9:16  SCV x3  
  132  9:17  Marine x2  
  132  9:18  Widow Mine x2, Marauder  
  132  9:23  Starport  
  140  9:24  Starport  
  140  9:28  SCV x3, Refinery  
  140  9:29  Refinery  
  139  9:32  Barracks Tech Lab  
  140  9:42  Marine  
  140  9:43  Marauder x2, Marine  
  140  9:45  Terran Infantry Weapons Level 2  
  143  9:46  SCV x2  
  135  10:00  Marine x3  
  135  10:01  Marauder x3  
  128  10:15  Marine x2  
  128  10:16  Marine x2, Marauder  
  128  10:17  Medivac x2  
  128  10:18  Marine  
  128  10:19  Starport Tech Lab, Starport Reactor  
  139  10:22  Marauder  
  139  10:27  Marine x2  
  139  10:28  Marauder  
  145  10:31  SCV x2  
  147  10:36  Command Center  
  147  10:40  Marine  
  147  10:41  Marauder, Marine x2  
  133  10:42  Widow Mine x2  
  133  10:49  Marine x3  
  139  10:50  Medivac x2, Marauder x2  
  141  11:00  Marine x3  
  141  11:01  Marauder  
  141  11:03  Marine x2  
  137  11:10  Fusion Core  
  137  11:11  Marauder  
  131  11:12  Marine x2  
  131  11:13  Marauder  
  131  11:14  Marine  
  131  11:17  Marine  
  131  11:18  Marine  
  130  11:21  Marauder  
  127  11:27  Medivac x2  
  115  11:42  Liberator  
  115  11:43  Marine x2, Marauder x2  
  115  11:44  Marine x4, Marauder x3  
  134  12:01  Marine  
  134  12:05  Marauder x3  
  134  12:07  Missile Turret  
  141  12:08  Marine x2  
  141  12:09  Marauder  
  141  12:14  Marauder, Marine x2  
  141  12:15  Marine  
  150  12:22  Marine  
  151  12:26  Marine, Marauder x3  
  151  12:28  Marine  
  157  12:30  Marauder  
  157  12:31  Marine  
  157  12:32  Marine x2  
  157  12:36  Marauder  
  164  12:49  Supply Depot  
Show
View Real Time Build Order
Export as new Build Order

Maharishi Protoss 

Build Orders: 1 Gate Expand 

Get SALT Encoding   

  12  0:01  Probe (Chrono Boost)  
  13  0:11  Probe (Chrono Boost)  
  14  0:19  Pylon  
  14  0:23  Probe (Chrono Boost)  
  15  0:37  Probe (Chrono Boost), Gateway  
  16  0:48  Probe (Chrono Boost)  
  17  1:07  Nexus  
  17  1:12  Probe (Chrono Boost)  
  17  1:16  Assimilator  
  18  1:22  Probe (Chrono Boost)  
  19  1:29  Cybernetics Core  
  19  1:33  Probe (Chrono Boost)  
  19  1:37  Assimilator  
  20  1:49  Probe (Chrono Boost)  
  20  1:50  Pylon  
  21  1:59  Probe (Chrono Boost)  
  22  2:06  Warp Gate  
  22  2:08  Adept (Chrono Boost)  
  24  2:13  Probe  
  25  2:21  Probe  
  26  2:25  Probe (Chrono Boost)  
  27  2:36  Probe (Chrono Boost)  
  28  2:38  Stalker  
  28  2:39  Mothership Core (Chrono Boost)  
  32  2:49  Probe (Chrono Boost)  
  33  2:57  Probe (Chrono Boost)  
  34  3:08  Probe (Chrono Boost)  
  34  3:10  Robotics Facility  
  34  3:11  Probe (Chrono Boost)  
  35  3:15  Pylon  
  35  3:18  Probe (Chrono Boost)  
  36  3:21  Probe (Chrono Boost)  
  37  3:29  Probe (Chrono Boost)  
  37  3:32  Probe (Chrono Boost)  
  39  3:39  Stalker, Probe (Chrono Boost)  
  42  3:42  Probe (Chrono Boost)  
  41  3:50  Probe (Chrono Boost), Pylon  
  41  3:53  Probe (Chrono Boost)  
  41  3:54  Pylon  
  43  3:56  Assimilator  
  43  3:57  Assimilator  
  43  4:00  Probe (Chrono Boost), Pylon  
  43  4:02  Probe (Chrono Boost)  
  44  4:03  Robotics Bay  
  44  4:05  Observer (Chrono Boost)  
  44  4:09  Stalker  
  48  4:11  Probe  
  48  4:12  Probe  
  50  4:24  Probe  
  51  4:27  Gateway x2  
  51  4:28  Warp Prism (Chrono Boost)  
  51  4:29  Probe  
  54  4:36  Probe  
  55  4:39  Probe  
  55  4:43  Twilight Council  
  56  4:48  Probe  
  56  4:51  Stalker, Pylon  
  59  4:59  Disruptor (Chrono Boost)  
  62  5:04  Probe  
  62  5:05  Pylon  
  63  5:08  Forge  
  63  5:11  Forge  
  63  5:26  Gateway  
  63  5:27  Stalker  
  65  5:29  Gateway  
  65  5:30  Pylon  
  68  5:35  Disruptor (Chrono Boost)  
  68  5:50  Stalker  
  68  5:54  Pylon  
  68  5:55  Pylon x2  
  64  6:06  Disruptor (Chrono Boost)  
  58  6:14  Protoss Ground Weapons Level 1 (Chrono Boost), Protoss Ground Armor Level 1 (Chrono Boost), Blink  
  58  6:16  Adept x2  
  58  6:17  Adept  
  64  6:21  Probe x2 (Chrono Boost)  
  66  6:32  Probe (Chrono Boost)  
  67  6:36  Probe (Chrono Boost)  
  68  6:42  Probe  
  68  6:43  Disruptor  
  72  6:47  Stalker  
  72  6:48  Stalker  
  72  6:53  Probe  
  77  6:56  Stalker  
  77  6:57  Stalker  
  77  6:59  Stalker  
  83  7:05  Pylon  
  83  7:06  Pylon  
  83  7:10  Pylon  
  81  7:16  Mothership Core  
  81  7:17  Stalker  
  85  7:29  Nexus  
  85  7:33  Pylon  
  85  7:34  Pylon  
  85  7:39  Stalker x2  
  85  7:40  Stalker x2  
  86  7:53  Stalker  
  88  7:59  Probe  
  88  8:00  Probe  
  88  8:04  Protoss Ground Weapons Level 2 (Chrono Boost)  
  90  8:12  Probe  
  91  8:23  Probe  
  91  8:24  Probe, Pylon  
  91  8:26  Stalker x4  
  91  8:27  Stalker  
  103  8:35  Probe  
  103  8:40  Probe  
  104  8:41  Probe  
  104  8:47  Probe  
  107  8:51  Photon Cannon  
  100  9:07  Protoss Ground Armor Level 2 (Chrono Boost)  
  100  9:14  Assimilator  
  100  9:15  Assimilator  
  98  9:17  Probe  
  98  9:18  Probe x2  
  98  9:22  Stalker  
  103  9:24  Nexus  
  101  9:33  Probe x2, Photon Cannon  
  101  9:36  Probe  
  104  9:45  Stalker x2, Probe  
  105  9:46  Stalker  
  111  9:54  Disruptor (Chrono Boost)  
  113  10:02  Stalker x2  
  98  10:20  Stalker x3  
  98  10:28  Stalker x2  
  102  10:29  Disruptor (Chrono Boost)  
  96  10:53  Adept x5  
  102  11:00  Disruptor (Chrono Boost)  
  95  11:17  Stalker x5  
  95  11:27  Pylon  
  95  11:29  Pylon  
  95  11:31  Disruptor (Chrono Boost), Pylon  
  94  11:38  Probe x2  
  96  11:46  Probe  
  96  11:47  Probe  
  96  11:50  Probe x2  
  100  11:56  Robotics Facility  
  100  11:57  Probe x2  
  102  12:01  Gateway  
  102  12:03  Gateway  
  102  12:04  Photon Cannon  
  102  12:05  Gateway  
  102  12:10  Photon Cannon  
  102  12:11  Photon Cannon  
  102  12:20  Nexus  
  102  12:26  Disruptor (Chrono Boost)  
  103  12:41  Adept x5  
Tags
 
Add a new tag
Caveats
  • Supply blocks, unpowered buildings, or Contaminate may cause inaccurate times.
  • Supply counts are checked every 10 seconds.